Gilmash, chaotic male orcish Wizard ----------- |.........| |..........############---------------- ------ |.........| #-..............| |....| | ##|a........| |..............| |....| |........ ##@a........| |..............| |<...| | |f........|############.>..............####|....| -----------# ---------------- #.....| ############# ------ Gilmash the Conjurer Experience level: 4 Strength: 11 Dexterity: 13 Constitution: 15 Intelligence: 16 Wisdom: 13 Charisma: 9 Health: 0(24) Energy: 22(23) Def: 1 Gold: 534 Moves: 2905 Dungeon seed: SvCnZiIoptlYWsUY Game ID: Gilmash_1545468532 Your Inventory: Coins $ - 534 gold pieces Weapons a - a +0 quarterstaff (weapon in hands) n - 7 +0 ya p - 2 +0 orcish daggers (in quiver) t - a +0 orcish dagger v - a +0 dagger A - a +0 spear Armor e - an uncursed +0 cloak of magic resistance (being worn) q - an uncursed +0 orcish helm y - an uncursed +0 orcish helm N - an uncursed +0 banded mail Comestibles o - an uncursed apple Scrolls i - an uncursed scroll of blank paper j - an uncursed scroll of blank paper k - an uncursed scroll of blank paper Spellbooks l - an uncursed spellbook of blank paper m - an uncursed spellbook of blank paper Potions f - an uncursed potion of fruit juice g - an uncursed potion of water h - 2 uncursed potions of water w - 2 uncursed potions of water x - an uncursed potion of water Rings c - an uncursed ring of polymorph d - an uncursed +0 ring of increase accuracy Wands b - a wand of probing (0:-1) B - a wand of cancellation (0:0) Gems z - 2 uncursed worthless pieces of black glass Y - an uncursed fluorite stone Spells and supernatural/magical abilities: Name Level Category Fail Memory a - force bolt 1 attack 0% 86% H - haste self 3 escape 99% 86% W - pray for help -- divine ? -- Your skills at the end: Fighting Skills Weapon Skills quarterstaff [Basic] Spellcasting Skills attack spells [Basic] enchantment spells [Basic] Final Attributes: You were piously aligned. You were poison resistant. You were magic-protected. You were telepathic. You had infravision. You were lucky. You are dead. Vanquished creatures: 2 shriekers a floating eye a monkey an iguana an acid blob 4 coyotes a hobbit a yellow mold 3 garter snakes a gnome zombie 5 geckos 4 jackals a fox 5 goblins 5 grid bugs 7 lichens a kobold zombie 8 newts 52 creatures vanquished. Voluntary challenges: You were an atheist. You used a wielded weapon 37 times, starting on turn 2. You read items or engraved 2 times, starting on turn 1975. You never genocided any monsters. You never polymorphed an object. You never changed form. You used no wishes. You never split a pudding. You wrote Elbereth's name 2 times, starting on turn 1975. You violated your moral code, losing 21 points of alignment, starting on turn 184. Dungeon overview: The Dungeons of Doom: levels 1 to 5 Level 1 a long staircase Level 2 a potion shop, a fountain a long staircase Level 3 Level 4 a fountain Level 5 <- You were here History has recorded: On T:1 you entered the Dungeons of Doom to retrieve the Amulet of Yendor! On T:268 you advanced to experience level 2. On T:524 you reached level 2 of The Dungeons of Doom. On T:761 you advanced to experience level 3. On T:1195 you reached level 3 of The Dungeons of Doom. On T:1354 you reached level 4 of The Dungeons of Doom. On T:1450 you reached level 5 of The Dungeons of Doom. On T:1571 you advanced to experience level 4. Score breakdown: Gold: 534 ( 9280 points) Experience: 4 levels ( 9649 points) Exploration: 5 levels ( 10.20%) ( 8660 points) Discoveries: 0 items ( 0.00%) ( 0 points) Valuables value: (no points given unless you survive) Artifact value: 0 ( 0 points) Variety of kills: 18 monsters ( 4.72%) ( 6520 points) Turncount: 2905 turns ( -552 points) Survival: died (score multiplied by 80%) Total score: 26845 Latest messages: You hit the monkey. The monkey hits! The monkey stole an orcish helm. The monkey tries to run away with your orcish helm. The spell hits the monkey! You kill the monkey! You see here an orcish helm. You have a little trouble lifting q - an orcish helm. You hear bubbling water. You are beginning to feel hungry. The gecko bites! You hit the gecko. You miss the gecko. The gecko bites! You miss the gecko. The gecko bites! You kill the gecko! You hear some noises. You hear some noises in the distance. You have a little trouble lifting $ - 17 gold pieces. You displace your kitten. The giant ant bites! (9x) You die... Final status: Goodbye Gilmash the Wizard, killed by a giant ant... You died in The Dungeons of Doom on dungeon level 5 with 26845 points, and 534 pieces of gold, after 2905 moves. You were level 4 with a maximum of 24 hit points when you died.